 Dungeon Crawl Stone Soup version 0.26-a0-661-g406de6ba63 (webtiles) character file.

Game seed: 17936357405678322343

679459 grandjackal the Demonic Aeon (level 27, -8/235 HPs)
             Began as a Demonspawn Gladiator on Oct 8, 2020.
             Was the Champion of Cheibriados.
             Splashed by an acid blob's acid (11 damage)
             ... on level 2 of the Realm of Zot.
             The game lasted 01:58:49 (67683 turns).

grandjackal the Demonic Aeon (DsGl)                Turns: 67683, Time: 01:58:49

Health: -8/235     AC: 12    Str: 33    XL:     27
Magic:  0/41       EV: 26    Int: 35    God:    Cheibriados [******]
Gold:   4847       SH:  0    Dex: 37    Spells: 3/55 levels left

rFire    + + .     SeeInvis .   K - +11 great sword of Checkmate {vamp, rF++ Str+2 Int+3 Dex-2}
rCold    + . .     Faith    .   (shield currently unavailable)
rNeg     + + .     Spirit   +   e - +10 pearl dragon scales
rPois    +         Reflect  .   D - +2 hat
rElec    +         Harm     .   t - +2 cloak {Stlth+}
rCorr    .         Rampage  .   L - +0 pair of fencer's gloves {Riposte Dex+3}
MR       ++++.                  (boots unavailable)
Stlth    +.........             b - amulet of the acrobat
HPRegen  0.49/turn              M - ring "Orghoeg" {Wiz rElec rF- rC+ Dex+4}
MPRegen  0.54/turn              x - ring of positive energy

@: corroded, very slow
A: horns 1, talons 3, slimy green scales 3, blink, blurry vision 1, fire
resistance 1, hurl damnation, magic resistance 2, powered by pain 3, weak 1,
evolution 1, magic shield, magic regeneration, magic link, flame cloud immunity,
MP-powered wands
}: 5/15 runes: barnacled, slimy, silver, abyssal, gossamer
a: Hurl Damnation, Blink, Bend Time, Temporal Distortion, Slouch, Step From
Time, Renounce Religion


You were on level 2 of the Realm of Zot.
You worshipped Cheibriados.
Cheibriados was exalted by your worship.
You visited 11 branches of the dungeon, and saw 54 of its levels.
You visited the Abyss 5 times.
You also visited: Ice Cave.

You collected 10129 gold pieces.
You spent 5282 gold pieces at shops.

Inventory:

Hand Weapons
 K - the +11 great sword of Checkmate (weapon) {vamp, rF++ Str+2 Int+3 Dex-2}
   (You bought it in a shop on level 2 of the Orcish Mines)

   It inflicts no extra harm, but heals its wielder when it wounds a living foe.
   It affects your strength (+2).
   It affects your intelligence (+3).
   It affects your dexterity (-2).
   It greatly protects you from fire.
Missiles
 d - 7 throwing nets (quivered)
Armour
 e - +10 pearl dragon scales (worn)
 t - a +2 cloak of stealth (worn)
 D - a +2 hat (worn)
 L - the +0 pair of fencer's gloves (worn) {Riposte Dex+3}
   (You found it on level 3 of the Elven Halls)

   It affects your dexterity (+3).
 P - +9 gold dragon scales
Jewellery
 b - an amulet of the acrobat (around neck)
 c - the ring of Recklessness {rElec rCorr Str-4 Dex+7 Slay+2}
   (You found it on level 1 of the Realm of Zot)

   [ring of resist corrosion]

   It affects your strength (-4).
   It affects your dexterity (+7).
   It affects your accuracy and damage with ranged weapons and melee attacks
   (+2).
   It insulates you from electricity.
   It provides partial protection from all sources of acid and corrosion.
 n - the ring "Plog" {rElec rF++ MP+9 Str+4}
   (You acquired it on level 4 of the Vaults)

   [ring of magical power]

   It affects your strength (+4).
   It greatly protects you from fire.
   It insulates you from electricity.
   It affects your magic capacity (+9).
 x - a ring of positive energy (right hand)
 z - the ring of Neurosis {*Tele MP+9 Dex-2 Slay+5}
   (You took it off a yaktaur captain on level 5 of the Vaults)

   [ring of teleportation]

   It may teleport you next to monsters.
   It affects your dexterity (-2).
   It affects your accuracy and damage with ranged weapons and melee attacks
   (+5).
   It affects your magic capacity (+9).
 C - the ring of Omiusixa {MR+ Dex+2 Stlth-}
   (You found it on level 1 of the Realm of Zot)

   [ring of attention]

   It affects your dexterity (+2).
   It affects your resistance to hostile enchantments.
   It makes you less stealthy.
 M - the ring "Orghoeg" (left hand) {Wiz rElec rF- rC+ Dex+4}
   (You took it off an orc on level 10 of the Dungeon)

   [ring of wizardry]

   It improves your spell success rate.
   It affects your dexterity (+4).
   It makes you vulnerable to fire.
   It protects you from cold.
   It insulates you from electricity.
 N - an uncursed ring of protection from cold
Wands
 a - a wand of digging (11)
 y - a wand of iceblast (31)
 Q - a wand of flame (24)
 R - a wand of disintegration (5)
 U - a wand of enslavement (27)
 W - a wand of acid (9)
Scrolls
 h - 5 scrolls of magic mapping
 j - 8 scrolls of fog
 m - 28 scrolls of remove curse
 p - 13 scrolls of amnesia
 q - 2 scrolls of enchant armour
 r - 3 scrolls of immolation
 u - 8 scrolls of vulnerability
 v - 27 scrolls of teleportation
 B - 18 scrolls of identify
 E - 8 scrolls of fear
 J - 12 scrolls of blinking
 O - 4 scrolls of enchant weapon
 S - 2 scrolls of silence
 T - a scroll of summoning
 X - 3 scrolls of torment
 Z - 2 scrolls of brand weapon
Potions
 f - 8 potions of flight
 g - 9 potions of curing
 i - 14 potions of lignification
 k - a potion of magic
 l - 2 potions of might
 o - 9 potions of stabbing
 s - 14 potions of brilliance
 w - 8 potions of ambrosia
 A - 9 potions of cancellation
 F - 4 potions of resistance
 G - 8 potions of heal wounds
 H - 3 potions of mutation
Miscellaneous
 I - a phial of floods


   Skills:
 + Level 23.1 Fighting
 - Level 18.2 Long Blades
 - Level 1.7 Throwing
 + Level 11.1 Armour
 + Level 13.1 Dodging
 - Level 14.5 Spellcasting
 + Level 22.7 Necromancy
 - Level 5.4 Earth Magic
 O Level 27 Invocations


You had 3 spell levels left.
You knew the following spells:

 Your Spells              Type           Power        Failure   Level
a - Vampiric Draining     Necr           ########..   0%          3
b - Animate Dead          Necr           ########..   0%          4
c - Agony                 Necr           ########     0%          5
d - Borgnjor's Vile Clut  Necr/Erth      #######...   1%          5
e - Dispel Undead         Necr           ########     0%          4
f - Death Channel         Necr           ########..   1%          6
g - Death's Door          Necr           ########..   11%         9
h - Borgnjor's Revivific  Necr           ########..   1%          8
i - Infestation           Necr           ########..   1%          8

Your spell library contained the following spells:

 Spells                   Type           Power        Failure   Level
 Animate Skeleton         Necr           ######       0%          1
 Pain                     Necr           ####         0%          1
 Sublimation of Blood     Necr           ########..   0%          2
 Apportation              Tloc           ####..       1%          1
 Beastly Appendage        Tmut           ####..       1%          1
 Corona                   Hex            ####...      1%          1
 Foxfire                  Conj/Fire      ####         1%          1
 Freeze                   Ice            ####         1%          1
 Magic Dart               Conj           ####         1%          1
 Summon Small Mammal      Summ           ####         1%          1
 Blink                    Tloc           N/A          1%          2
 Call Imp                 Summ           ####....     1%          2
 Corpse Rot               Necr/Air       N/A          1%          2
 Ensorcelled Hibernation  Hex/Ice        ####..       1%          2
 Poisonous Vapours        Pois/Air       ####..       1%          2
 Slow                     Hex            ####....     1%          2
 Wereblood                Tmut           ####....     1%          2
 Stone Arrow              Conj/Erth      #####.       1%          3
 Call Canine Familiar     Summ           ####....     3%          3
 Confusing Touch          Hex            ####....     3%          3
 Conjure Flame            Conj/Fire      ####....     3%          3
 Dazzling Flash           Conj/Hex       ####..       3%          3
 Frozen Ramparts          Ice            ####..       3%          3
 Gell's Gravitas          Tloc           ####......   3%          3
 Inner Flame              Hex/Fire       ####....     3%          3
 Lesser Beckoning         Tloc           ####......   3%          3
 Mephitic Cloud           Conj/Pois/Air  ####....     3%          3
 Ozocubu's Armour         Ice            ####....     3%          3
 Portal Projectile        Hex/Tloc       ####..       3%          3
 Spider Form              Tmut/Pois      ####......   3%          3
 Summon Guardian Golem    Hex/Summ       ####....     3%          3
 Teleport Other           Tloc           ####....     3%          3
 Tukima's Dance           Hex            ####....     3%          3
 Excruciating Wounds      Necr           ########..   0%          5
 Simulacrum               Ice/Necr       #######...   1%          6
 Leda's Liquefaction      Hex/Erth       #####.....   4%          4
 Haunt                    Necr/Summ      #######...   10%         7
 Cause Fear               Hex            ####......   12%         4
 Hailstorm                Conj/Ice       ####....     12%         4
 Ice Form                 Ice/Tmut       ####....     12%         4
 Passage of Golubria      Tloc           N/A          12%         4
 Sticky Flame             Conj/Fire      ####....     12%         4
 Summon Ice Beast         Ice/Summ       ####....     12%         4
 Summon Lightning Spire   Summ/Air       ####....     12%         4
 Bolt of Magma            Conj/Fire/Erth #####.....   16%         5
 Alistair's Intoxication  Tmut/Pois      ####.....    32%         5
 Blade Hands              Tmut           ####......   32%         5
 Fireball                 Conj/Fire      ####......   32%         5
 Irradiate                Conj/Tmut      ####......   32%         5
 Iskenderun's Battlesphe  Conj           ####....     32%         5
 Metabolic Englaciation   Hex/Ice        ####......   32%         5
 Silence                  Hex/Air        ####......   32%         5
 Summon Forest            Summ/Tloc      ####......   32%         5
 Yara's Violent Unravell  Hex/Tmut       ####......   32%         5
 Iron Shot                Conj/Erth      #####.....   50%         6
 Statue Form              Tmut/Erth      #####....    50%         6
 Necromutation            Tmut/Necr      #######...   56%         8
 Conjure Ball Lightning   Conj/Air       ####......   86%         6
 Dispersal                Tloc           ####......   86%         6
 Eringya's Noxious Bog    Tmut/Pois      ####......   86%         6
 Freezing Cloud           Conj/Ice/Air   ####......   86%         6
 Hydra Form               Tmut           ####......   86%         6
 Invisibility             Hex            ####....     86%         6
 Ozocubu's Refrigeration  Ice            ####......   86%         6
 Dragon Form              Tmut           ####......   100%        7
 Malign Gateway           Summ/Tloc      ####......   100%        7
 Orb of Destruction       Conj           ####......   100%        7
 Spellforged Servitor     Conj/Summ      ####......   100%        7
 Summon Hydra             Summ           ####......   100%        7
 Discord                  Hex            ####......   100%        8
 Disjunction              Tloc           ####......   100%        8
 Shatter                  Erth           ######....   100%        9
 Tornado                  Air            ####......   100%        9


Dungeon Overview and Level Annotations

Branches:
Dungeon (15/15)            Temple (0/1) D:7            Lair (6/6) D:8
 Shoals (4/4) Lair:2       Spider (4/4) Lair:3        Slime (5/5) Lair:5
    Orc (2/2) D:11            Elf (3/3) Orc:2        Vaults (5/5) D:14
  Crypt (3/3) Vaults:3       Tomb (0/3) Crypt:3      Depths (5/5) D:15
    Zot (2/5) Depths:5      IceCv (visited)

Altars:
Ashenzari
Cheibriados
Dithmenos
Fedhas
Gozag
Hepliaklqana
Okawaru
Qazlal
Ru
Uskayaw
The Shining One

Shops:
D:8 !   D:10 [   D:14 ?   Orc:2 [*((   Elf:2 *   Elf:3 }[?[   Shoals:4 !
Vaults:1 **:?(   Vaults:4 *   Vaults:5 [

Portals:
Hell: Depths:1 Depths:2 Depths:3 Depths:4 Depths:5
Abyss: Depths:4 Depths:5
Pandemonium: Depths:3 Depths:4
Ziggurat: Depths:3

Annotations:
D:11 exclusion: orange crystal statue
Lair:3 exclusion: oklob plant
Lair:6 3 runed translucent doors, hyperwheals's ghost, journeyman TrCj
Spider:3 1 runed translucent door, cfbundy's ghost, adept FoFi
Orc:1 2 transporters, Dootley's ghost, journeyman FoFi
Elf:2 6 runed translucent doors, agentgt's ghost, adept HuVM
Depths:1 exclusion: orange crystal statue


Innate Abilities, Weirdness & Mutations

You have claws for feet.
You are completely covered in slimy green scales. (AC +4, rPois)
Your flesh is heat resistant. (rF+)
You can hurl damnation.
You are powered by pain.
When hurt, damage is shared between your health and your magic reserves.
You regenerate magic rapidly.
When low on magic, you restore magic in place of health.
You are immune to clouds of flame.
You have a pair of small horns on your head.
You can translocate small distances at will.
Scrolls take you a little longer to read.
You are highly resistant to hostile enchantments. (MR++)
You are weak. (Str -2)
You evolve.
You expend magic power (3 MP) to strengthen your wands.


Message History

The yellow draconian completely misses you.
The yellow draconian shifter blinks!
The acid blob misses you.
You begin reading the scroll.
You continue reading the scroll.
The yellow draconian is no longer infested.
The acid blob hits you!!
* * * LOW HITPOINT WARNING * * *
You are splashed with acid.
* * * LOW HITPOINT WARNING * * *
The green draconian completely misses you.
The green draconian closely misses you. The yellow draconian misses you.
You riposte.
You slice the yellow draconian!!
You claw the yellow draconian, but do no damage.
The yellow draconian is heavily wounded.
The red draconian annihilator mumbles some strange words.
The red draconian annihilator blinks!
The acid blob spits acid at you. The splash of acid hits you!
* * * LOW HITPOINT WARNING * * *
You are splashed with acid!
You die...

#..
...#
#..
q...
#..
#..q.
#..
#...
#..
#...
###
#..J#
#.JJ###


#kld@)# #dqJd{# #Jdd#.# #JJd##.# ### #qJJ #.# ### #.# #qJJ# #.# #.# #^. #JJqJ
#.# #.# #.. ldJJ# #.#######.#####.. #.........#.##... You could see 2 acid
blobs, 4 draconians, a green draconian (infested), a purple draconian (infested,
catching breath), a red draconian (infested), 2 draconians, 2 draconians, a red
draconian annihilator (infested), a yellow draconian scorcher, a death drake
(summoned), 2 komodo dragons and 14 jellies.

Vanquished Creatures
  the Royal Jelly (Slime:5)
  5 ancient liches
  Mara (Depths:3)
  Mennas (Depths:3)
  Sojobo (Vaults:3)
  Bai Suzhen (Crypt:1)
  Margery (Depths:5)
  Xtahua (Crypt:1)
  2 curse toes
  Nikola (Spider:2)
  10 golden dragons
  Arachne (Spider:3)
  Jory (Vaults:3)
  13 tentacled monstrosities
  2 electric golems (Zot:1)
  3 bone dragons
  Jorgrun (D:14)
  Rupert (Lair:5)
  A hellephant (Abyss:2)
  4 liches
  Asterion (Spider:4)
  7 titans
  2 quicksilver dragons
  4 deep elf blademasters
  2 deep elf master archers
  7 sphinxes
  2 krakens
  Frances (Spider:2)
  3 ancient champions (Crypt:3)
  A storm dragon (shapeshifter) (Depths:4)
  17 acid blobs
  6 tentacled starspawn (Abyss:3)
  3 death cobs
  Donald (Spider:2)
  8 shadow dragons
  A thorn hunter (Abyss:3)
  9 storm dragons
  22 azure jellies
  Roxanne (Spider:2)
  11 tengu reavers
  4 draconian monks
  2 revenants
  7 fire giants
  An iron dragon (Depths:4)
  6 ghost moths
  10 deep elf sorcerers
  10 frost giants
  14 vault wardens
  Louise (Shoals:1)
  7 deep elf elementalists
  3 cacodemons
  2 emperor scorpions (Spider:4)
  11 ironheart preservers
  Aizul (Spider:4)
  A juggernaut zombie (Crypt:1)
  3 curse skulls (Crypt:3)
  8 ghouls
  A reaper (Crypt:3)
  21 stone giants
  2 war gargoyles
  4 draconian annihilators
  11 very ugly things
  3 entropy weavers
  8 green draconians
  7 vampire knights
  2 black draconians
  2 lorocyprocas
  5 deep elf demonologists
  5 yellow draconians
  2 dire elephants (Abyss:3)
  Nessos (D:13)
  10 spark wasps
  3 merfolk javelineers
  9 deep elf annihilators
  7 purple draconians
  2 red draconians
  7 merfolk impalers
  6 eidola
  An ettin (shapeshifter) (Depths:4)
  6 white draconians
  13 ettins
  5 death oozes
  6 deep elf death magi
  6 jiangshi
  A crystal guardian (Depths:4)
  8 deep elf high priests
  4 fire dragons
  7 great orbs of eyes
  18 yaktaur captains
  2 great orbs of eyes (shapeshifter)
  Fannar (D:10)
  A juggernaut simulacrum (Depths:4)
  13 ogre magi
  10 rakshasas
  4 hydras
  34 vault guards
  6 ice dragons
  7 spriggan air magi
  A naga warrior (Abyss:3)
  2 alligator snapping turtles
  A quicksilver dragon skeleton (Crypt:1)
  10 boulder beetles
  2 merfolk avatars
  4 catoblepae (Lair:6)
  3 death knights
  An anaconda (Lair:6)
  46 two-headed ogres
  3 centaur warriors
  17 dancing weapons
  An alligator (Lair:6)
  10 deep troll shamans
  2 merfolk aquamancers (Shoals:4)
  3 satyrs
  8 vampire magi
  19 deep troll earth magi
  2 thrashing horrors (Abyss:3)
  10 death yaks
  2 tengu warriors
  2 orc high priests
  A soul eater (Crypt:1)
  2 spriggan berserkers (Depths:3)
  25 deep elf knights
  Sonja (D:10)
  77 slime creatures
  3 sixfirhies
  5 shadow wraiths
  3 death drakes (Depths:5)
  18 skeletal warriors
  17 hell knights
  A fire crab (Lair:6)
  3 spatial maelstroms
  An unseen horror (shapeshifter) (Vaults:3)
  An iron troll (Depths:3)
  6 unseen horrors
  An infernal demonspawn (Depths:3)
  A sea snake (shapeshifter) (Vaults:4)
  A deep troll (shapeshifter) (Vaults:5)
  8 flayed ghosts
  8 sea snakes
  A gelid demonspawn (Depths:3)
  10 ironbrand convokers
  27 deep elf archers
  9 phantasmal warriors
  2 wizards
  31 deep trolls
  A shadow dragon zombie (Vaults:4)
  7 glowing orange brains
  2 lindwurms (Depths:5)
  2 harpies (shapeshifter)
  86 deep elf magi
  3 necromancers
  9 orc knights
  16 harpies
  35 wolf spiders
  A mana viper (Depths:4)
  8 orc sorcerers
  A manticore (shapeshifter) (Depths:4)
  8 cyclopes
  17 manticores
  11 orb spiders
  An iron dragon zombie (Crypt:3)
  42 ugly things
  5 shining eyes
  2 fauns (shapeshifter)
  2 salamanders (Depths:3)
  15 fauns
  4 worldbinders (Abyss:3)
  A salamander (shapeshifter) (Vaults:5)
  2 rust devils
  13 moths of wrath
  A moth of wrath (shapeshifter) (Vaults:5)
  2 guardian serpents (shapeshifter)
  4 black mambas
  12 merfolk sirens
  30 elephants
  Joseph (D:10)
  A guardian serpent (Abyss:3)
  A dire elephant zombie (Crypt:2)
  An ice statue (IceCv)
  20 cane toads
  7 smoke demons
  19 vault sentinels
  2 stone giant skeletons (Crypt:3)
  A naga mage (Abyss:3)
  An orange demon (Abyss:3)
  8 water nymphs
  2 torpor snails
  A torpor snail (shapeshifter) (D:15)
  2 eyes of devastation
  A cane toad (shapeshifter) (Vaults:4)
  A yaktaur zombie (Vaults:4)
  5 spectral swamp worms (Depths:1)
  A gargoyle (D:15)
  11 demonic crawlers
  2 dire elephant skeletons
  31 yaktaurs
  A shock serpent skeleton (Abyss:3)
  11 komodo dragons
  9 rime drakes
  3 efreet (Depths:4)
  9 freezing wraiths
  A kobold demonologist (D:15)
  A yaktaur (shapeshifter) (Vaults:1)
  A yaktaur skeleton (Vaults:4)
  24 merfolk
  4 tengu conjurers
  2 ancient zymes
  2 hellwings (Abyss:2)
  23 jumping spiders
  A hornet (shapeshifter) (Elf:3)
  19 polar bears
  33 blink frogs
  3 trolls
  12 wind drakes
  12 hornets
  A red draconian skeleton (Crypt:2)
  A shadow dragon simulacrum (Vaults:3)
  An ettin zombie (Vaults:4)
  3 wind drakes (shapeshifter)
  A raiju (shapeshifter) (Vaults:2)
  3 bog bodies (Crypt:1)
  A frost giant simulacrum (Vaults:2)
  Grinder (D:6)
  17 dream sheep
  8 snapping turtles
  An ettin skeleton (Vaults:4)
  5 large abominations
  6 flying skulls (Crypt:1)
  An alligator skeleton (Crypt:2)
  3 spriggans (Depths:3)
  12 water elementals
  3 air elementals
  9 wraiths
  A shadow (D:13)
  28 tarantellas
  3 vampires
  25 starcursed masses
  2 tarantellas (shapeshifter)
  4 ynoxinuls
  63 redbacks
  9 small abominations
  9 wyverns
  5 basilisks
  103 yaks
  8 humans (D:14)
  2 chaos spawn
  2 neqoxecs
  7 fire elementals
  2 steam dragons (Shoals:2)
  A golden eye (shapeshifter) (D:15)
  6 golden eyes
  An elf skeleton (Vaults:4)
  5 vampire mosquitoes
  An insubstantial wisp (Abyss:2)
  2 wargs
  2 spatial vortices (Abyss:3)
  A water moccasin (shapeshifter) (Vaults:5)
  A deep troll zombie (Vaults:4)
  A soldier ant (D:11)
  3 acid dragons
  2 soldier ants (shapeshifter)
  A hydra simulacrum (Depths:4)
  12 water moccasins
  An orb spider zombie (Crypt:1)
  A swamp dragon zombie (Crypt:3)
  5 eyes of draining
  4 swamp drakes (Depths:5)
  10 ice beasts
  5 sky beasts
  2 black bears (shapeshifter) (Vaults:1)
  An elf zombie (Vaults:4)
  26 orc warriors
  2 black bears
  2 hornet zombies
  24 ogres
  A phantom (D:10)
  6 boggarts
  6 necrophages
  22 wolves
  An elephant skeleton (Crypt:3)
  A human skeleton (Vaults:4)
  12 centaurs
  A big kobold (shapeshifter) (Depths:1)
  3 big kobolds
  21 bullfrogs
  A cyclops zombie (Crypt:2)
  5 earth elementals
  2 glowing shapeshifter simulacra
  A water moccasin zombie (Crypt:2)
  5 scorpions
  2 wyvern skeletons
  A troll zombie (Crypt:3)
  A raiju zombie (Crypt:1)
  A polar bear zombie (Crypt:3)
  8 wights
  19 killer bees
  A spriggan skeleton (Crypt:1)
  3 electric eels
  A polar bear skeleton (Crypt:3)
  5 howler monkeys
  2 bullfrog zombies
  3 centaur zombies
  5 quasits
  6 hounds
  6 jellies
  35 orc priests
  41 orc wizards
  A gnoll shaman (D:6)
  4 centaur skeletons
  4 iron imps
  Jessica (D:2)
  2 bullfrog skeletons
  Terence (D:3)
  3 iguanas
  Natasha (thrice) (D:3)
  13 worker ants
  8 hell rats (Lair:1)
  A big kobold zombie (Crypt:2)
  A tengu zombie (Crypt:1)
  2 hound skeletons
  7 gnolls
  A howler monkey skeleton (D:6)
  8 adders
  13 river rats (Lair:1)
  3 shadow imps
  8 white imps
  9 oozes
  4 ufetubi
  2 halfling skeletons
  A worm (D:2)
  A barachi zombie (Crypt:2)
  2 dart slugs (D:1)
  7 leopard geckos
  87 orcs
  A giant cockroach (D:1)
  5 goblins
  5 hobgoblins
  10 jackals
  9 quokkas
  A ball python skeleton (D:5)
  3 bats
  7 frilled lizards
  A goblin zombie (Crypt:1)
  A jackal zombie (D:5)
  26 kobolds
  A leopard gecko zombie (D:5)
  A quokka skeleton (D:4)
  13 rats
  4 crawling corpses
  4 starspawn tentacles (Abyss:3)
  8 tentacles
2565 creatures vanquished.

Vanquished Creatures (collateral kills)
  A curse toe (Zot:1)
  A tentacled monstrosity (Zot:1)
  An acid blob (Zot:2)
  A sphinx (Depths:5)
  2 draconian monks
  A frost giant (Depths:5)
  A cacodemon (Zot:1)
  A draconian stormcaller (Depths:5)
  2 green draconians (Depths:5)
  A white draconian (Zot:2)
  A black draconian (Depths:5)
  2 purple draconians
  A yellow draconian (Zot:2)
  A deep troll shaman (Depths:5)
  An iron troll (Depths:5)
  A moth of wrath (Zot:1)
  A slime creature (shapeshifter) (Depths:5)
  A floating eye (Depths:5)
21 creatures vanquished.

Vanquished Creatures (others)
  A fire giant (Depths:3)
  An ettin (Depths:4)
  A shadow wraith (Vaults:5)
  A deep troll (Vaults:5)
  2 deep elf magi
  A manticore (D:12)
  2 redbacks
  A fire elemental (Elf:3)
  A human (D:14)
  A boggart (Vaults:3)
  A centaur (D:12)
  A wolf (IceCv)
  A wight (Abyss:2)
  4 bushes
  44 fungi
  A lurking horror (Abyss:3)
  89 plants
  12 starspawn tentacles (Abyss:3)
  7 tentacles
  3 toadstools (Depths:1)
175 creatures vanquished.

Grand Total: 2761 creatures vanquished

Notes
Turn   | Place    | Note
-------+----------+-------------------------------------------
     0 | D:1      | grandjackal the Demonspawn Gladiator began the quest for
                  | the Orb.
     0 | D:1      | Reached XP level 1. HP: 16/16 MP: 1/1
   223 | D:1      | Gained mutation: When hurt, damage is shared between your
                  | health and your magic reserves. [demonic ancestry]
   223 | D:1      | Reached XP level 2. HP: 22/22 MP: 2/2
   734 | D:1      | Gained mutation: You are partially covered in slimy green
                  | scales. (AC +2) [demonic ancestry]
   734 | D:1      | Reached XP level 3. HP: 28/28 MP: 3/3
   869 | D:2      | Noticed Jessica
   877 | D:2      | Killed Jessica
  1172 | D:2      | Found a sacrificial altar of Ru.
  1351 | D:2      | Gained mutation: You sometimes gain a little power by
                  | taking damage. [demonic ancestry]
  1351 | D:2      | Reached XP level 4. HP: 34/34 MP: 4/4
  2010 | D:3      | Noticed Terence
  2019 | D:3      | Killed Terence
  2019 | D:3      | Reached XP level 5. HP: 33/41 MP: 5/5
  2093 | D:3      | Noticed Natasha
  2101 | D:3      | Killed Natasha
  2172 | D:3      | Noticed Natasha
  2185 | D:3      | Killed Natasha
  2285 | D:3      | Noticed Natasha
  2300 | D:3      | Killed Natasha
  2477 | D:3      | Found an opulent altar of Gozag.
  2664 | D:4      | Reached XP level 6. HP: 40/48 MP: 4/6
  3167 | D:4      | Got a faintly glowing leather armour
  3178 | D:4      | Identified the +6 leather armour "Yngos" {Dex+4} (You found
                  | it on level 4 of the Dungeon)
  3343 | D:4      | Found a shadowy altar of Dithmenos.
  3351 | D:4      | Gained mutation: You regenerate magic rapidly. [demonic
                  | ancestry]
  3351 | D:4      | Reached XP level 7. HP: 55/55 MP: 7/7
  3367 | D:4      | Found a blossoming altar of Fedhas.
  3374 | D:4      | Reached skill level 5 in Long Blades
  3374 | D:4      | Reached skill level 5 in Dodging
  3632 | D:4      | Reached skill level 5 in Fighting
  3688 | D:5      | Entered Level 5 of the Dungeon
  4070 | D:4      | Gained mutation: You sometimes gain power by taking damage.
                  | [demonic ancestry]
  4070 | D:4      | Reached XP level 8. HP: 34/64 MP: 5/8
  5004 | D:6      | Noticed Grinder
  5017 | D:6      | Paralysed by Grinder for 3 turns
  5024 | D:6      | Killed Grinder
  5413 | D:6      | Gained mutation: You are mostly covered in slimy green
                  | scales. (AC +3) [demonic ancestry]
  5413 | D:6      | Reached XP level 9. HP: 72/72 MP: 9/9
  5560 | D:6      | Found a blossoming altar of Fedhas.
  5655 | D:6      | Found a hazy altar of Hepliaklqana.
  5658 | D:6      | Found a snail-covered altar of Cheibriados.
  5659 | D:6      | Found an iron altar of Okawaru.
  5661 | D:6      | Found a broken altar of Ashenzari.
  5673 | D:6      | Became a worshipper of Cheibriados the Contemplative
  5758 | D:7      | Reached skill level 1 in Invocations
  5866 | D:7      | Reached skill level 2 in Invocations
  5898 | D:7      | Reached * piety under Cheibriados
  6624 | D:7      | Reached skill level 3 in Invocations
  6687 | D:7      | Reached ** piety under Cheibriados
  6702 | D:7      | Found a staircase to the Ecumenical Temple.
  7220 | D:8      | Found a stormy altar of Qazlal.
  7300 | D:8      | Reached skill level 4 in Invocations
  7370 | D:8      | Found Axzasei's Distillery.
  7395 | D:8      | Bought 2 potions of resistance for 300 gold pieces
  7395 | D:8      | Bought a potion of heal wounds for 75 gold pieces
  7395 | D:8      | Bought a potion of might for 60 gold pieces
  7969 | D:8      | Reached XP level 10. HP: 80/80 MP: 13/13
  8019 | D:8      | Found a glowing golden altar of the Shining One.
  8024 | D:8      | Found a staircase to the Lair.
  8132 | D:8      | Reached skill level 5 in Invocations
  8779 | D:9      | Reached *** piety under Cheibriados
  8964 | D:9      | Reached skill level 6 in Invocations
  9228 | D:10     | Entered Level 10 of the Dungeon
  9342 | D:10     | Noticed a two-headed ogre
  9360 | D:10     | Killed a two-headed ogre
  9360 | D:10     | Reached skill level 7 in Invocations
  9667 | D:10     | Reached **** piety under Cheibriados
  9712 | D:10     | Identified the ring "Orghoeg" {Wiz rElec rF- rC+ Dex+4}
  9774 | D:10     | Noticed Fannar
  9777 | D:10     | Noticed Sonja
  9787 | D:10     | Killed Sonja
  9787 | D:10     | Reached XP level 11. HP: 86/89 MP: 14/16
  9798 | D:10     | Killed Fannar
  9798 | D:10     | Reached skill level 8 in Invocations
 10234 | D:10     | Noticed a two-headed ogre
 10246 | D:10     | Killed a two-headed ogre
 10259 | D:10     | Found Cagoh's Antique Armour Emporium.
 10337 | D:10     | Noticed a five-headed hydra
 10345 | D:10     | Noticed Joseph
 10360 | D:10     | Killed a five-headed hydra
 10360 | D:10     | Reached skill level 10 in Fighting
 10387 | D:10     | Killed Joseph
 10387 | D:10     | Reached skill level 9 in Invocations
 10958 | D:11     | Found a staircase to the Orcish Mines.
 11001 | D:11     | Noticed a brown ugly thing
 11002 | D:11     | Noticed an orange crystal statue
 11072 | D:11     | Learned a level 3 spell: Vampiric Draining
 11141 | D:11     | Reached skill level 1 in Necromancy
 11418 | D:11     | Killed a white ugly thing
 11802 | D:11     | Reached ***** piety under Cheibriados
 12483 | D:12     | Reached skill level 10 in Long Blades
 12483 | D:12     | Reached skill level 10 in Dodging
 12483 | D:12     | Reached skill level 10 in Invocations
 12483 | D:12     | Gained mutation: You have sharp toenails. [demonic
                  | ancestry]
 12483 | D:12     | Reached XP level 12. HP: 68/98 MP: 16/19
 12887 | D:12     | Noticed a two-headed ogre
 12888 | D:12     | Noticed a centaur warrior
 13067 | D:12     | Noticed a boulder beetle
 13098 | D:12     | Killed a boulder beetle
 13426 | D:12     | Learned a level 4 spell: Animate Dead
 13463 | Orc:1    | Entered Level 1 of the Orcish Mines
 13496 | Orc:1    | Noticed an orc high priest
 13507 | Orc:1    | Killed an orc high priest
 13693 | Orc:1    | Found a transporter.
 13818 | Orc:1    | Reached skill level 1 in Armour
 13856 | Orc:1    | Found a transporter.
 13858 | Orc:1    | Noticed Dootley's ghost (journeyman FoFi)
 14157 | Orc:2    | Entered Level 2 of the Orcish Mines
 14190 | Orc:2    | Found a staircase to the Elven Halls.
 14255 | Orc:2    | Reached ****** piety under Cheibriados
 14258 | Orc:2    | Reached skill level 5 in Necromancy
 14274 | Orc:2    | Reached skill level 11 in Invocations
 14292 | Orc:2    | Noticed an orc high priest
 14303 | Orc:2    | Killed an orc high priest
 14319 | Orc:2    | Found Uzaic's Weapon Shoppe.
 14319 | Orc:2    | Found Beruam's Antique Weapon Shoppe.
 14319 | Orc:2    | Found Berghone's General Store.
 14470 | Orc:2    | Found Xeampik's Armour Emporium.
 15208 | Lair:1   | Entered Level 1 of the Lair of Beasts
 16246 | Lair:1   | Gained mutation: You have razor-sharp toenails. [demonic
                  | ancestry]
 16246 | Lair:1   | Reached XP level 13. HP: 95/106 MP: 18/21
 17378 | Lair:2   | Reached skill level 12 in Invocations
 17381 | Lair:2   | Found a staircase to the Shoals.
 18441 | Lair:3   | Found a hole to the Spider Nest.
 18573 | Lair:3   | Found a hide-covered altar of Uskayaw.
 18671 | Lair:3   | Reached skill level 5 in Armour
 19059 | Lair:4   | Found a frozen archway.
 19113 | IceCv    | Entered an ice cave
 19404 | IceCv    | Got a faintly humming plate armour
 19534 | IceCv    | Gained mutation: Your flesh is heat resistant. (rF+)
                  | [demonic ancestry]
 19534 | IceCv    | Reached XP level 14. HP: 34/115 MP: 9/23
 19876 | IceCv    | Noticed a frost giant
 19901 | IceCv    | Killed a frost giant
 19901 | IceCv    | Reached skill level 13 in Invocations
 19946 | IceCv    | Got a twisted long sword
 19947 | IceCv    | Identified the +9 long sword "Keegobi" {protect, +Blink
                  | +Rage rElec Dex-4} (You found it in an ice cave)
 21270 | Lair:4   | Found a runed translucent door.
 21580 | Lair:5   | Found a staircase to the Slime Pits.
 21808 | Lair:5   | Noticed Rupert
 21830 | Lair:5   | Paralysed by Rupert for 6 turns
 21846 | Lair:5   | Killed Rupert
 22350 | Lair:5   | Reached skill level 14 in Invocations
 23010 | Lair:6   | Entered Level 6 of the Lair of Beasts
 23151 | Lair:6   | Gained mutation: You are immune to clouds of flame.
                  | [demonic ancestry]
 23151 | Lair:6   | Reached XP level 15. HP: 101/123 MP: 22/25
 23204 | Lair:6   | Reached skill level 10 in Necromancy
 24556 | Lair:6   | Found a runed translucent gate.
 24556 | Lair:6   | Found a runed translucent gate.
 24556 | Lair:6   | Found a runed translucent gate.
 24557 | Lair:6   | Noticed hyperwheals's ghost (journeyman TrCj)
 25302 | Lair:6   | Learned a level 5 spell: Agony
 25443 | Lair:6   | Reached skill level 15 in Invocations
 25789 | Orc:2    | Bought the +11 great sword of Checkmate {vamp, rF++ Str+2
                  | Int+3 Dex-2} for 1348 gold pieces
 25793 | Orc:2    | Bought a scroll of acquirement for 728 gold pieces
 25793 | Orc:2    | Acquired a +2 triple sword of flaming
 25868 | D:13     | Noticed Nessos
 25869 | D:13     | Killed Nessos
 25912 | D:13     | Identified the cursed +0 plate armour of the Merchant
                  | {Stlth+} (You found it in an ice cave)
 26474 | D:14     | Found Zonwi's Magic Scroll Shoppe.
 26767 | D:14     | Found a gate to the Vaults.
 26983 | D:14     | Noticed Jorgrun
 26997 | D:14     | Killed Jorgrun
 26997 | D:14     | Reached XP level 16. HP: 121/132 MP: 25/27
 27209 | D:15     | Entered Level 15 of the Dungeon
 27432 | D:15     | Found a staircase to the Depths.
 28186 | Spider:1 | Entered Level 1 of the Spider Nest
 28530 | Spider:1 | Reached skill level 16 in Invocations
 28932 | Spider:2 | Noticed Frances
 28943 | Spider:2 | Killed Frances
 29064 | Spider:2 | Noticed Donald
 29078 | Spider:2 | Killed Donald
 29158 | Spider:2 | Noticed Nikola
 29163 | Spider:2 | Killed Nikola
 29308 | Spider:2 | Noticed Roxanne
 29318 | Spider:2 | Killed Roxanne
 30492 | Spider:3 | Noticed Arachne
 30500 | Spider:3 | HP: 4/134 [Arachne/uncursed staff of poison (13)]
 30504 | Spider:3 | Killed Arachne
 30504 | Spider:3 | Reached XP level 17. HP: 10/140 MP: 15/29
 31113 | Spider:3 | Found a runed translucent door.
 31114 | Spider:3 | Noticed cfbundy's ghost (adept FoFi)
 31333 | Spider:4 | Entered Level 4 of the Spider Nest
 31587 | Spider:4 | Reached skill level 15 in Fighting
 32170 | Spider:4 | Noticed Asterion
 32184 | Spider:4 | Killed Asterion
 32184 | Spider:4 | Reached skill level 17 in Invocations
 32759 | Spider:4 | Noticed Aizul
 32766 | Spider:4 | Killed Aizul
 33168 | Spider:4 | Got a gossamer rune of Zot
 33585 | Elf:1    | Entered Level 1 of the Elven Halls
 34150 | Elf:1    | Gained mutation: You have claws for feet. [demonic
                  | ancestry]
 34150 | Elf:1    | Reached XP level 18. HP: 149/149 MP: 30/30
 34161 | Elf:1    | Learned a level 5 spell: Borgnjor's Vile Clutch
 35253 | Elf:2    | Found a runed translucent door.
 35254 | Elf:2    | Noticed agentgt's ghost (adept HuVM)
 35317 | Elf:2    | Reached skill level 18 in Invocations
 35334 | Elf:2    | Reached skill level 1 in Spellcasting
 35386 | Elf:2    | Found Fuanufui's General Store.
 35390 | Elf:2    | Bought a scroll of blinking for 150 gold pieces
 35390 | Elf:2    | Bought a potion of cancellation for 160 gold pieces
 35390 | Elf:2    | Bought a potion of cancellation for 160 gold pieces
 35775 | Elf:2    | Found a huge runed translucent gate.
 35775 | Elf:2    | Found a huge runed translucent gate.
 35775 | Elf:2    | Found a huge runed translucent gate.
 35805 | Elf:2    | Found a huge runed translucent gate.
 35805 | Elf:2    | Found a huge runed translucent gate.
 35916 | Elf:3    | Entered Level 3 of the Elven Halls
 35939 | Elf:3    | Learned a level 4 spell: Dispel Undead
 36133 | Elf:3    | Found Jedipn's Gadget Emporium.
 36355 | Elf:3    | Found Tociha's Armour Shoppe.
 36458 | Elf:3    | Reached skill level 15 in Long Blades
 36666 | Elf:3    | Found Umeti's Magic Scroll Shoppe.
 36666 | Elf:3    | Found Iwyr Roph's Antique Armour Emporium.
 36674 | Elf:3    | Bought a scroll of torment for 82 gold pieces
 36824 | Elf:2    | Cast into level 3 of the Abyss (a deep elf sorcerer)
 36825 | Abyss:3  | Found a corrupted altar of Lugonu.
 36832 | Elf:2    | Escaped the Abyss
 37160 | Elf:3    | Noticed a Brimstone Fiend
 37280 | Elf:3    | Reached XP level 19. HP: 157/157 MP: 32/32
 37291 | Elf:3    | Noticed a Tzitzimitl
 37550 | Elf:3    | Cast into level 2 of the Abyss (a deep elf sorcerer)
 37674 | Abyss:2  | Noticed a bone dragon
 37684 | Abyss:2  | Killed a bone dragon
 37698 | Abyss:2  | Found a corrupted altar of Lugonu.
 37878 | Abyss:2  | Gained mutation: Scrolls take you a little longer to read.
                  | [a neqoxec]
 37987 | Abyss:2  | Noticed a hellephant
 38023 | Abyss:2  | Killed a hellephant
 38054 | Elf:3    | Escaped the Abyss
 38698 | Elf:2    | Cast into level 3 of the Abyss (a deep elf sorcerer)
 38765 | Abyss:3  | Reached skill level 5 in Spellcasting
 38776 | Abyss:3  | Reached skill level 15 in Necromancy
 38835 | Abyss:3  | Reached skill level 19 in Invocations
 38878 | Abyss:3  | Got an abyssal rune of Zot
 38891 | Elf:2    | Escaped the Abyss
 39080 | Elf:3    | Found the +0 pair of fencer's gloves {Riposte Dex+3}
 39141 | Elf:3    | Found the +10 morningstar "Eos" {elec, Halo rElec}
 39146 | Elf:3    | Got a distressingly furry chain mail
 39149 | Elf:3    | Identified the cursed +1 chain mail of Sloth {+Fly rN+}
                  | (You found it on level 3 of the Elven Halls)
 39270 | Elf:3    | Acquired 661 gold pieces
 39513 | Vaults:1 | Entered Level 1 of the Vaults
 39521 | Vaults:1 | Learned a level 6 spell: Death Channel
 39744 | Vaults:1 | Reached skill level 1 in Earth Magic
 39790 | Vaults:1 | Found Wunliz's Book Emporium.
 40254 | Vaults:1 | Found Qajiaras's Antique Weapon Shoppe.
 40319 | Vaults:1 | Found Tith's Magic Scroll Emporium.
 40475 | Vaults:1 | Found Suakhla's General Store.
 40631 | Vaults:1 | Found Melitatz's General Store.
 40851 | Vaults:1 | Bought a scroll of fear for 70 gold pieces
 41052 | D:14     | Bought a scroll of acquirement for 624 gold pieces
 41052 | D:14     | Bought a scroll of vulnerability for 90 gold pieces
 41052 | D:14     | Bought a scroll of immolation for 42 gold pieces
 41054 | D:14     | Acquired a Necronomicon
 41238 | Vaults:2 | Gained mutation: You can hurl damnation. [demonic ancestry]
 41238 | Vaults:2 | Reached XP level 20. HP: 112/167 MP: 20/33
 42610 | Vaults:3 | Reached skill level 20 in Invocations
 42865 | Vaults:3 | Noticed Sojobo
 42888 | Vaults:3 | Killed Sojobo
 42888 | Vaults:3 | Reached skill level 5 in Earth Magic
 43388 | Vaults:3 | Noticed Jory
 43391 | Vaults:3 | Identified the ring of Gachah {Fire Dex+2}
 43405 | Vaults:3 | Killed Jory
 43755 | Vaults:3 | Found a staircase to the Crypt.
 44406 | Vaults:4 | Gained mutation: You are completely covered in slimy green
                  | scales. (AC +4, rPois) [demonic ancestry]
 44406 | Vaults:4 | Reached XP level 21. HP: 176/176 MP: 35/35
 44747 | Vaults:4 | Cast into level 3 of the Abyss (a deep elf sorcerer)
 44807 | Vaults:4 | Escaped the Abyss
 44835 | Vaults:4 | Found Weneant's General Store.
 44898 | Vaults:4 | Bought a potion of heal wounds for 70 gold pieces
 44952 | Vaults:4 | Acquired the ring "Plog" {rElec rF++ MP+9 Str+4}
 46131 | Shoals:1 | Entered Level 1 of the Shoals
 46140 | Shoals:1 | Reached skill level 21 in Invocations
 46243 | Shoals:1 | Noticed Louise
 46358 | Shoals:1 | Killed Louise
 47840 | Shoals:3 | Identified the +6 ring mail of Fanosain {rC+++ Str-3 Dex+3
                  | Stlth-} (You found it on level 3 of the Shoals)
 48354 | Shoals:4 | Entered Level 4 of the Shoals
 48376 | Shoals:4 | Reached skill level 10 in Spellcasting
 48386 | Shoals:4 | Gained mutation: When low on magic, you restore magic in
                  | place of health. [demonic ancestry]
 48386 | Shoals:4 | Reached XP level 22. HP: 19/185 MP: 6/36
 48959 | Shoals:4 | Got a barnacled rune of Zot
 49153 | Shoals:4 | Found Cuvir's Distillery.
 49168 | Shoals:4 | Bought a potion of heal wounds for 90 gold pieces
 49168 | Shoals:4 | Bought a potion of heal wounds for 90 gold pieces
 49781 | Elf:3    | Bought a spiked ring mail for 288 gold pieces
 49783 | Elf:3    | Identified the +4 ring mail of Autumn {rElec rC+} (You
                  | bought it in a shop on level 3 of the Elven Halls)
 50079 | Slime:1  | Entered Level 1 of the Pits of Slime
 50106 | Slime:1  | Gained mutation: Scrolls take you longer to read. [a
                  | shining eye]
 50124 | Lair:5   | Gained mutation: Armour fits poorly on your strangely
                  | shaped body. [a shining eye]
 50138 | Lair:5   | Lost mutation: Scrolls take you longer to read. [potion of
                  | mutation]
 50138 | Lair:5   | Lost mutation: Armour fits poorly on your strangely shaped
                  | body. [potion of mutation]
 50138 | Lair:5   | Lost mutation: Scrolls take you a little longer to read.
                  | [potion of mutation]
 50138 | Lair:5   | Gained mutation: You are dopey. (Int -2) [potion of
                  | mutation]
 50138 | Lair:5   | Gained mutation: Your natural rate of healing is unusually
                  | fast. [potion of mutation]
 50393 | Slime:5  | Entered Level 5 of the Pits of Slime
 50548 | Slime:5  | Gained mutation: You are occasionally teleported next to
                  | monsters. [a shining eye]
 50550 | Slime:5  | Gained mutation: You are clumsy. (Dex -2) [a shining eye]
 50555 | Slime:5  | Lost mutation: You are dopey. (Int -2) [potion of mutation]
 50555 | Slime:5  | Lost mutation: You are clumsy. (Dex -2) [potion of
                  | mutation]
 50555 | Slime:5  | Gained mutation: You expend magic power (3 MP) to
                  | strengthen your wands. [potion of mutation]
 50555 | Slime:5  | Gained mutation: Your mind is acute. (Int +2) [potion of
                  | mutation]
 50555 | Slime:5  | Gained mutation: You have a pair of small horns on your
                  | head. [potion of mutation]
 50556 | Slime:5  | Lost mutation: Your mind is acute. (Int +2) [potion of
                  | mutation]
 50556 | Slime:5  | Lost mutation: You expend magic power (3 MP) to strengthen
                  | your wands. [potion of mutation]
 50556 | Slime:5  | Lost mutation: You are occasionally teleported next to
                  | monsters. [potion of mutation]
 50556 | Slime:5  | Lost mutation: Your natural rate of healing is unusually
                  | fast. [potion of mutation]
 50556 | Slime:5  | Gained mutation: You are clumsy. (Dex -2) [potion of
                  | mutation]
 50556 | Slime:5  | Gained mutation: Your spells are a little harder to cast,
                  | but a little more powerful. [potion of mutation]
 50556 | Slime:5  | Gained mutation: Your mind is acute. (Int +2) [potion of
                  | mutation]
 50558 | Slime:5  | Noticed the Royal Jelly
 50564 | Slime:5  | Killed the Royal Jelly
 50577 | Slime:5  | Reached skill level 22 in Invocations
 50924 | Slime:5  | Identified the Compendium of Spatial Intoxication
 50942 | Slime:5  | Learned a level 9 spell: Death's Door
 51002 | Slime:5  | Identified the +4 ring mail "Zacuigorph" {Dex+3 Stlth+}
                  | (You found it on level 5 of the Pits of Slime)
 51025 | Slime:5  | Got a slimy rune of Zot
 51450 | Vaults:5 | Entered Level 5 of the Vaults
 51487 | Vaults:4 | Gained mutation: You are powered by pain. [demonic
                  | ancestry]
 51487 | Vaults:4 | Reached XP level 23. HP: 189/194 MP: 29/38
 51660 | Vaults:5 | Identified the cursed +0 scimitar of the Dancing Enemy
                  | {flame, MR+++ Str+7 Dex-4}
 52113 | Vaults:5 | Identified the ring of Neurosis {*Tele MP+9 Dex-2 Slay+5}
 52646 | Vaults:5 | Found Wekkeot's Armour Shop.
 52759 | Vaults:5 | Identified the +0 cloak of the Hanged Man {Harm rPois Dex-4
                  | Stlth+} (You found it on level 5 of the Vaults)
 52820 | Vaults:5 | Got a silver rune of Zot
 53043 | Vaults:5 | Learned a level 8 spell: Borgnjor's Revivification
 53133 | Crypt:1  | Entered Level 1 of the Crypt
 53290 | Crypt:1  | Noticed Bai Suzhen
 53310 | Crypt:1  | Killed Bai Suzhen
 53744 | Crypt:1  | Reached skill level 23 in Invocations
 53880 | Crypt:1  | Noticed Xtahua
 53887 | Crypt:1  | Killed Xtahua
 54710 | Crypt:2  | Paralysed by a vampire knight for 2 turns
 54929 | Crypt:2  | Reached XP level 24. HP: 176/203 MP: 35/39
 55482 | Crypt:3  | Entered Level 3 of the Crypt
 55589 | Crypt:3  | Paralysed by a vampire knight for 4 turns
 55596 | Crypt:3  | Paralysed by something for 2 turns
 56775 | Crypt:3  | Found a staircase to the Tomb.
 57317 | Crypt:3  | Noticed an ancient lich
 57317 | Crypt:3  | Noticed an ancient lich
 57333 | Crypt:3  | Killed an ancient lich
 57336 | Crypt:3  | Killed an ancient lich
 57336 | Crypt:3  | Reached skill level 10 in Armour
 57339 | Crypt:3  | Noticed an ancient lich
 57343 | Crypt:3  | Killed an ancient lich
 57344 | Crypt:3  | Cast into level 3 of the Abyss (a lich)
 57393 | Abyss:3  | Paralysed by accursed screaming for 1 turns
 57402 | Abyss:3  | Paralysed by accursed screaming for 1 turns
 57454 | Abyss:3  | Found a corrupted altar of Lugonu.
 57553 | Abyss:3  | Found an ornate altar of the Wu Jian Council.
 57571 | Abyss:3  | Reached skill level 24 in Invocations
 57653 | Crypt:3  | Escaped the Abyss
 57679 | Crypt:3  | Identified the Collected Works on Dark Rites and Stones
 57969 | Vaults:4 | Bought 2 scrolls of enchant armour for 210 gold pieces
 58107 | Vaults:1 | Bought a scroll of enchant armour for 135 gold pieces
 58239 | Vaults:1 | Bought a scroll of enchant armour for 150 gold pieces
 58396 | D:14     | Bought a scroll of enchant armour for 90 gold pieces
 58537 | Elf:2    | Bought a scroll of enchant armour for 150 gold pieces
 58583 | Elf:3    | Bought a scroll of immolation for 38 gold pieces
 58583 | Elf:3    | Bought a scroll of enchant armour for 82 gold pieces
 58817 | Depths:1 | Entered Level 1 of the Depths
 58835 | Depths:1 | Found a gateway to Hell.
 59362 | Depths:1 | Identified the +4 chain mail of the Fisher {Harm rElec rC-
                  | Dex+6} (You found it on level 1 of the Depths)
 59774 | Depths:2 | Reached XP level 25. HP: 212/212 MP: 39/39
 60536 | Depths:2 | Paralysed by a great orb of eyes for 5 turns
 60860 | Depths:3 | Noticed Mennas
 60889 | Depths:3 | Killed Mennas
 61336 | Depths:3 | Noticed Mara
 61349 | Depths:3 | Noticed grandjackal's illusion
 61358 | Depths:3 | Killed Mara
 61368 | Depths:3 | Reached skill level 25 in Invocations
 61512 | Depths:3 | Found a gateway to a ziggurat.
 61998 | Depths:3 | Found a one-way gate leading to the halls of Pandemonium.
 62001 | Depths:3 | Gained mutation: You do not regenerate when monsters are
                  | visible. [a cacodemon]
 62017 | Depths:3 | Lost mutation: Your mind is acute. (Int +2) [potion of
                  | mutation]
 62017 | Depths:3 | Lost mutation: You are clumsy. (Dex -2) [potion of
                  | mutation]
 62017 | Depths:3 | Lost mutation: Your spells are a little harder to cast, but
                  | a little more powerful. [potion of mutation]
 62017 | Depths:3 | Gained mutation: You are agile. (Dex +2) [potion of
                  | mutation]
 62017 | Depths:3 | Lost mutation: You are agile. (Dex +2) [potion of mutation]
 62017 | Depths:3 | Gained mutation: Your flesh is very heat resistant. (rF++)
                  | [potion of mutation]
 62018 | Depths:3 | Lost mutation: You do not regenerate when monsters are
                  | visible. [potion of mutation]
 62018 | Depths:3 | Lost mutation: Your flesh is very heat resistant. (rF++)
                  | [potion of mutation]
 62018 | Depths:3 | Lost mutation: You have a pair of small horns on your head.
                  | [potion of mutation]
 62018 | Depths:3 | Gained mutation: You evolve. [potion of mutation]
 62018 | Depths:3 | Gained mutation: You are resistant to hostile enchantments.
                  | (MR+) [potion of mutation]
 62018 | Depths:3 | Gained mutation: You can translocate small distances at
                  | will. [potion of mutation]
 62707 | Depths:4 | Found a one-way gate to the infinite horrors of the Abyss.
 63117 | Depths:4 | Reached XP level 26. HP: 222/222 MP: 40/40
 63158 | Depths:4 | Learned a level 8 spell: Infestation
 63299 | Depths:4 | Gained mutation: You are highly resistant to hostile
                  | enchantments. (MR++) [evolution]
 63364 | Depths:4 | Noticed an ancient lich
 63373 | Depths:4 | Killed an ancient lich
 64017 | Depths:5 | Entered Level 5 of the Depths
 64029 | Depths:5 | Gained mutation: Scrolls take you a little longer to read.
                  | [mutagenic glow]
 64052 | Depths:5 | Gained mutation: You have a pair of small horns on your
                  | head. [mutagenic glow]
 64213 | Depths:5 | Found a gate to the Realm of Zot.
 64223 | Depths:5 | Paralysed by a floating eye for 3 turns
 64294 | Depths:5 | Reached skill level 26 in Invocations
 64660 | Depths:5 | Noticed Margery
 64667 | Depths:5 | Killed Margery
 65389 | Zot:1    | Entered Level 1 of the Realm of Zot
 66410 | Zot:1    | Found a transporter.
 66427 | Zot:1    | Noticed an ancient lich
 66440 | Zot:1    | Killed an ancient lich
 66440 | Zot:1    | Reached XP level 27. HP: 140/233 MP: 21/41
 66445 | Zot:1    | Gained mutation: You are weak. (Str -2) [a cacodemon]
 66450 | Zot:1    | Reached skill level 27 in Invocations
 66469 | Zot:1    | Found a transporter.
 66482 | Zot:1    | Got a scorched lead ring
 66485 | Zot:1    | Identified the ring of Omiusixa {MR+ Dex+2 Stlth-} (You
                  | found it on level 1 of the Realm of Zot)
 66495 | Zot:1    | Got a brightly glowing jade ring
 66498 | Zot:1    | Identified the ring of Recklessness {rElec rCorr Str-4
                  | Dex+7 Slay+2} (You found it on level 1 of the Realm of Zot)
 66737 | Zot:1    | Found the +3 pair of gauntlets of War {Slay+5}
 67619 | Zot:2    | Gained mutation: You expend magic power (3 MP) to
                  | strengthen your wands. [evolution]
 67683 | Zot:2    | HP: 3/235 [acid blob/splash of acid (10)]
 67683 | Zot:2    | Splashed by an acid blob's acid

Illustrated notes

Levels and vault maps discovered:
D:1:      elethiomel_arrival_quiet, layout_basic
D:2:      layout_basic, nicolae_ru_great_annihilating_truth, uniq_jessica
D:3:      layout_loops_ring, overflow_temple_1_default, uniq_terence,
          uniq_natasha
D:4:      layout_rooms, nicolae_dithmenos_shadow_blocks,
          fedhas_bush_and_centaur_altar
D:5:      layout_basic
D:6:      layout_rooms, minitemple, uniq_grinder
D:7:      layout_rooms, minmay_temple_entry_wispy
D:8:      layout_basic, tso_metal_star, lair_entry_dummy, serial_shops, shop,
          nicolae_qazlal_general_emergency
D:9:      layout_roguey
D:10:     layout_stronghold, serial_shops, shop, uniq_fannar, uniq_sonja,
          uniq_joseph
D:11:     layout_loops_corners, orc_0_dummy, minmay_statue_bubble
D:12:     layout_irregular_city, minivault_12
D:13:     layout_basic, skrybe_limestone_x, uniq_nessos
D:14:     layout_small_grid, ximxim_vaults_locker_room, serial_shops, shop,
          minmay_staircase_windowed_small, uniq_jorgrun
D:15:     gammafunk_enter_depths_forms, layout_basic,
          chequers_serial_rivers_marsh
Lair:1:   lemuel_ratsnest, layout_chaotic_city, grunt_megastairs_2
Lair:2:   layout_hall_layers, elwin_shoals_entry_stream,
          chequers_serial_rivers_micro_c
Lair:3:   layout_regular_city, spider_nest_entry_webs, lemuel_oklob_altar
Lair:4:   layout_hall_layers, portal_ice_cave_entry_ice_beasts, pf_torpor_hydra
Lair:5:   layout_regular_city, nicolae_slime_entry_slimehenge, uniq_rupert
Lair:6:   evilmike_catoblepas_cave, layout_misc_corridors,
          gammafunk_ghost_hydra_chop, hangedman_lair_generics_rect
Shoals:1: layout_shoals, nicolae_shoals_stone_sculpture_thing,
          nicolae_shoals_kraken_intersection, uniq_louise
Shoals:2: layout_shoals, nicolae_shoals_drake_roost
Shoals:3: layout_shoals
Shoals:4: shoals_end_grunt_ice, layout_shoals, serial_shops, nicolae_shop_stone,
          nicolae_shoals_isolated_beach
Spider:1: layout_spider_delve
Spider:2: layout_spider_delve, uniq_frances, uniq_nikola, uniq_donald,
          uniq_roxanne
Spider:3: layout_spider_delve, ebering_ghost_inner_flame, nicolae_arachne_temple
Spider:4: grunt_spider_rune_parallel, uniq_aizul, uniq_asterion
Slime:1:  layout_caves
Slime:2:  cheibrodos_slime_lost_civilization_9, layout_caves
Slime:3:  layout_caves, cheibrodos_slime_lost_civilization_7
Slime:4:  layout_caves
Slime:5
Orc:1:    layout_caves, gammafunk_ghost_stat_death
Orc:2:    st_orc_mages, layout_caves
Elf:1:    minmay_elf_crystal_heptagon, layout_geoelf_diagonals,
          evilmike_minifort
Elf:2:    layout_gridlike, gammafunk_ghost_grave, minmay_shop_star
Elf:3:    minmay_elf_hall_not_hex, layout_loops_corners, minmay_shoptagon
Vaults:1: grunt_vaults_hallway_short, nicolae_vaults_mini_display_case,
          vaults_mumra_hex, nicolae_vaults_big_angled_halls,
          vaults_room_mumra_shop_pool, vaults_mumra_bighexcomb,
          nicolae_vaults_little_squares_4, vaults_room_grunt_arrival_ludios,
          nicolae_vaults_network_star, layout_vaults_omnigrid, serial_shops,
          nicolae_shop_waterfront, shop, shop, shop
Vaults:2: vaults_room_stairs_pillars, ontoclasm_vaults_ring_square,
          ontoclasm_vaults_spin, nicolae_vaults_hallways_thing, v_misc_33,
          vaults_room_grid, ontoclasm_vaults_hangar, v_misc_22,
          ontoclasm_vaults_tryst, v_pattern_3, layout_vaults_ring
Vaults:3: vaults_room_pools, v_rooms_6, v_misc_14, v_misc_28, v_misc_33,
          hangedman_vaults_trim, grunt_vaults_hallway_short,
          hangedman_vaults_locks, nicolae_vaults_diagonal_hallway_6, v_misc_15,
          ontoclasm_vaults_misaligned, nicolae_vaults_diagonal_hallway_8,
          hangedman_vaults_maws, grunt_vaults_diagonal,
          nicolae_vaults_ring_of_whatevers, nicolae_vaults_little_squares_2,
          vaults_room_pools, layout_vaults_omnicross, dummy_crypt_entry,
          uniq_jory, uniq_sojobo
Vaults:4: nicolae_vaults_murderbox, grunt_vaults_funnel, vaults_dpeg_ring,
          v_misc_9, nicolae_vaults_little_squares_2,
          nicolae_vaults_ninety_degrees, v_pattern_1, ontoclasm_vaults_idyll,
          vaults_dpeg_hooks, vaults_room_fours, ontoclasm_vaults_claustrophobia,
          nicolae_vaults_shelves_hall, layout_vaults_omnibox, serial_shops, shop
Vaults:5: serial_shops
Crypt:1:  layout_misc_corridors, serial_glass, glass_columns_a, glass_columns_a,
          glass_columns_b, glass_columns_a, glass_columns_a, glass_columns_b,
          item_on_display_a, item_on_display_a, nicolae_crypt_cryptocurrency,
          grunt_crypt_arrival_webbed, uniq_xtahua, uniq_bai_suzhen
Crypt:2:  layout_chaotic_city, minivault_24
Crypt:3:  david_glass_crypt, layout_basic, nicolae_tomb_entry_rubble_hallway
Depths:1: layout_cave_pools, pf_hell_entry_tar_river, minmay_gold_behind_fungi,
          kennysheep_doodads, minivault_16, minmay_the_grid_2x2
          [minmay_the_grid_garden, minmay_the_grid_paths,
          minmay_the_grid_expand, minmay_the_grid_prize_big_room]
Depths:2: minmay_glassy_protrusions, layout_gridlike, grunt_hell_entry_dis_mu,
          serial_sigils, serial_sigils_hangedman_gnaw,
          serial_sigils_hangedman_snap, serial_sigils_hangedman_scratch,
          serial_sigils_hangedman_writhe, serial_sigils_hangedman_leer
Depths:3: kennysheep_cluttered_fort, layout_cave_pools, enter_ziggurat_c,
          grunt_pan_entry_spiral, pf_hell_entry_great_geh, uniq_mennas,
          uniq_mara
Depths:4: hangedman_crystal_crosses_colossus [crystal_crosses_arms_four,
          crystal_crosses_arms_two, crystal_crosses_arms_one,
          crystal_crosses_arms_one], abyss_entry, hell_entry, pan_entry,
          serial_shops
Depths:5: lemuel_castle_with_subvaults [lemuel_castle_interior_original],
          layout_gridlike, hell_entry, nicolae_abyss_entry_one_way_or_another,
          uniq_margery
Zot:1:    gammafunk_dig_for_victory, layout_misc_corridors
Zot:2:    lemuel_acid_trip, layout_onion_interference

Skill      XL: |  1  2  3  4  5  6  7  8  9 10 11 12 13 14 15 16 17 18 19 20 21 22 23 24 25 26 27 |
---------------+----------------------------------------------------------------------------------+-----
Long Blades    | 3 4 5 6 7 9 10 11 12 13 14 15 16 17 18 | 18.2
Dodging        | 3 4 5 6 7 9 10 11 12 13 | 13.1
Fighting       | 3 4 5 7 8 9 10 11 12 13 14 15 16 17 18 19 20 21 22 23 | 23.1
Invocations    | 4 7 10 11 12 14 15 16 17 18 19 20 21 22 23 24 25 26 27 | 27.0
Necromancy     | 3 6 8 9 11 12 13 14 15 16 17 18 19 20 21 22 | 22.7
Armour         | 3 5 7 8 11 | 11.1
Spellcasting   | 4 6 8 10 11 12 13 14 | 14.5
Earth Magic    | 2 5 |  5.4
Throwing       | |  1.7

Action                   |  1- 3 |  4- 6 |  7- 9 | 10-12 | 13-15 | 16-18 | 19-21 | 22-24 | 25-27 || total
-------------------------+-------+-------+-------+-------+-------+-------+-------+-------+-------++-------
Melee: Long sword        |    96 |   147 |   538 |   799 |   957 |       |       |       |       ||  2537
       Dagger            |       |       |       |    41 |    26 |       |       |       |       ||    67
       Kick              |       |       |       |   221 |   922 |   561 |   892 |   911 |   814 ||  4321
       Great sword       |       |       |       |       |   101 |   802 |   995 |   965 |   928 ||  3791
       Headbutt          |       |       |       |       |       |       |       |   441 |   428 ||   869
Throw: Dart              |       |       |       |     1 |     1 |       |       |       |       ||     2
       Throwing net      |       |       |       |       |     2 |       |       |     1 |       ||     3
 Cast: Animate Dead      |       |       |       |       |       |     1 |       |       |       ||     1
       Borgnjor's Vile C |       |       |       |       |       |     2 |     1 |       |       ||     3
       Dispel Undead     |       |       |       |       |       |       |       |     3 |     5 ||     8
       Infestation       |       |       |       |       |       |       |       |       |     6 ||     6
Invok: Bend Time         |       |       |     1 |     4 |     8 |     1 |     1 |       |       ||    15
       Slouch            |       |       |       |     6 |     2 |    21 |    14 |     4 |     3 ||    50
       Temporal Distorti |       |       |       |     1 |     1 |       |     1 |     4 |     1 ||     8
       Step From Time    |       |       |       |       |       |       |       |     1 |       ||     1
 Abil: Hurl Damnation    |       |       |       |       |       |       |     5 |       |       ||     5
Evoke: Wand              |       |       |     1 |     6 |       |    31 |     7 |     2 |     3 ||    50
       Phial of floods   |       |       |       |     1 |       |     1 |       |       |       ||     2
  Use: Scroll            |       |     4 |     4 |     8 |    17 |     8 |     8 |    30 |     6 ||    85
       Potion            |       |       |     1 |       |     1 |     7 |     8 |     8 |     8 ||    33
 Stab: Sleeping          |     1 |       |     2 |     1 |     5 |     2 |     6 |       |       ||    17
       Paralysed         |     2 |       |       |       |       |       |       |       |       ||     2
       Invisible         |     1 |       |       |       |       |       |       |       |       ||     1
       Distracted        |       |       |       |     3 |     1 |     2 |     3 |       |     3 ||    12
       Held in net/web   |       |       |       |       |     2 |       |       |       |       ||     2
       Petrified         |       |       |       |       |     5 |       |       |       |       ||     5
       Petrifying        |       |       |       |       |     1 |       |       |       |       ||     1
       Confused          |       |       |       |       |       |       |       |       |     1 ||     1
Armor: Leather armour    |    31 |     8 |   216 |   110 |       |       |       |       |       ||   365
       Ring mail         |       |    52 |       |   111 |   431 |   311 |   245 |   159 |       ||  1309
       Skin              |       |       |    18 |       |       |       |       |       |       ||    18
       Gold dragon scale |       |       |       |       |       |       |       |    96 |       ||    96
       Pearl dragon scal |       |       |       |       |       |       |       |   177 |   535 ||   712
Dodge: Dodged            |    57 |    75 |   637 |   894 |  1352 |  1158 |  1641 |  1490 |  1390 ||  8694
       Rpst.: Long sword |    18 |    22 |   195 |   238 |   309 |       |       |       |       ||   782
       Great sword       |       |       |       |       |    49 |   262 |   572 |   527 |   410 ||  1820

Table legend: (Time is in decaauts)
 A = Elapsed time spent in this place.
 B = Non-inter-level travel time spent in this place.
 C = Inter-level travel time spent in this place.
 D = Time resting spent in this place.
 E = Time spent auto-exploring this place.
 F = Levels seen in this place.
 G = Mean time per level.
                   A        B        C        D        E       F      G
               +--------+--------+--------+--------+--------+-----+--------+
         Total |  98917 |  86319 |  12598 |  13467 |  53709 |  60 | 1648.6 |
       Dungeon |  23296 |  19154 |   4142 |   3611 |  11838 |  15 | 1553.1 |
          Lair |  13537 |  12364 |   1173 |   2973 |   7590 |   6 | 2256.2 |
        Shoals |   5681 |   5041 |    640 |    440 |   3683 |   4 | 1420.2 |
   Spider Nest |   7278 |   6934 |    344 |   1598 |   4075 |   4 | 1819.5 |
    Slime Pits |   1268 |   1169 |     99 |    411 |      0 |   5 |  253.6 |
  Orcish Mines |   3609 |   2382 |   1227 |    327 |   1597 |   2 | 1804.5 |
   Elven Halls |   8577 |   7189 |   1388 |   1603 |   2386 |   3 | 2859.0 |
        Vaults |  13449 |  11628 |   1821 |    929 |   8964 |   5 | 2689.8 |
         Crypt |   6183 |   5804 |    379 |    883 |   3948 |   3 | 2061.0 |
        Depths |  10253 |   8933 |   1320 |    318 |   6792 |   5 | 2050.6 |
           Zot |   2359 |   2298 |     61 |      0 |   1848 |   2 | 1179.5 |
         Abyss |   1793 |   1793 |      0 |     74 |      0 |   5 |  358.6 |
      Ice Cave |   1629 |   1629 |      0 |    299 |    985 |   1 | 1629.0 |
               +--------+--------+--------+--------+--------+-----+--------+

Top non-repeatable levels by time:
Vaults:1: 3295 daAuts
   Elf:2: 3291 daAuts
  Lair:6: 3244 daAuts
Vaults:4: 2930 daAuts
Vaults:3: 2791 daAuts
    D:10: 2775 daAuts
 Crypt:3: 2756 daAuts
Spider:4: 2728 daAuts
Vaults:2: 2707 daAuts
    D:14: 2661 daAuts
   Elf:1: 2655 daAuts
   Elf:3: 2629 daAuts
Depths:5: 2416 daAuts
Depths:2: 2315 daAuts
  Lair:2: 2308 daAuts
